 Dungeon Crawl Stone Soup version 0.26-a0-649-gf8c6c3aab7 (webtiles) character file.

Game seed: 13368596500105412363

2502 looop the Grappler (level 9, 0/74 HPs)
             Began as a Demonspawn Fighter on Sept 27, 2020.
             Was a Believer of Wu Jian.
             Slain by a hippogriff (6 damage)
             ... on level 8 of the Dungeon on Sept 28, 2020.
             The game lasted 00:14:09 (6280 turns).

looop the Grappler (Demonspawn Fighter)             Turns: 6280, Time: 00:14:09

Health: 0/74       AC:  7    Str: 25    XL:     9   Next: 28%
Magic:  9/9        EV:  7    Int: 10    God:    Wu Jian [**....]
Gold:   396        SH:  9    Dex: 13    Spells: 8/8 levels left

rFire    . . .     SeeInvis .     - Unarmed
rCold    . . .     Faith    .   b - +0 kite shield
rNeg     . . .     Spirit   .   G - +0 scale mail {rPois}
rPois    +         Reflect  .   (no helmet)
rElec    .         Harm     .   g - +0 cloak
rCorr    .         Rampage  .   (no gloves)
MR       +....                  (no boots)
Stlth    ..........             H - amulet of the acrobat
HPRegen  0.22/turn              u - +6 ring of strength
MPRegen  0.11/turn              c - ring of protection from magic

@: no status effects
A: claws 1, hooves 2, spiny 1
a: Wall Jump, Renounce Religion


You were on level 8 of the Dungeon.
You worshipped Wu Jian.
Wu Jian was pleased with you.
You visited 1 branch of the dungeon, and saw 8 of its levels.

You collected 396 gold pieces.

Inventory:

Missiles
 y - 6 atropa-tipped darts
 z - 20 poisoned darts
 A - 6 boomerangs
 C - 2 javelins
 E - 3 curare-tipped darts (quivered)
Armour
 b - a +0 kite shield (worn)
 g - a +0 cloak (worn)
 G - a +0 scale mail of poison resistance (worn)
Jewellery
 c - a ring of protection from magic (right claw)
 u - a +6 ring of strength (left claw)
 H - an amulet of the acrobat (around neck)
Wands
 i - a wand of digging (7)
 w - a wand of flame (22)
 x - a wand of iceblast (6)
 F - a wand of polymorph (10)
Scrolls
 a - 3 scrolls of amnesia {unknown}
 d - a scroll of immolation {unknown}
 e - a scroll of magic mapping {unknown}
 k - 5 scrolls of remove curse {unknown}
 l - 2 scrolls of enchant armour {unknown}
 m - a scroll of identify
 o - 2 scrolls of teleportation
 p - 2 scrolls of enchant weapon {unknown}
 q - 2 scrolls of noise {unknown}
 s - a scroll of fear
 v - a scroll of fog
Potions
 f - 3 potions of flight
 h - 2 potions of resistance
 j - 5 potions of brilliance
 n - 2 potions of curing {unknown}
 r - 2 potions of heal wounds {unknown}
 t - a potion of invisibility {unknown}
 B - a potion of magic {unknown}
 D - 2 potions of berserk rage {unknown}


   Skills:
 + Level 7.8 Fighting
 + Level 2.8 Armour
 + Level 0.4 Dodging
 + Level 2.8 Shields
 * Level 9.5 Unarmed Combat


You had 8 spell levels left.
You didn't know any spells.
Your spell library contained the following spells:

 Spells                   Type           Power        Failure   Level
 Magic Dart               Conj           #...         99%         1
 Blink                    Tloc           N/A          100%        2
 Call Imp                 Summ           #.......     100%        2
 Slow                     Hex            #.......     100%        2
 Conjure Flame            Conj/Fire      #.......     100%        3
 Mephitic Cloud           Conj/Pois/Air  #.......     100%        3


Dungeon Overview and Level Annotations

Branches:
Dungeon (8/15)             Temple (0/1) D:5
   Lair: D:8-11

Altars:
Kikubaaqudgha
Makhleb
Sif Muna
Uskayaw
Wu Jian
Xom
Zin

Portals:
Abyss: D:7

Annotations:
D:7 2 transporters, Maimakterion's ghost, novice OgBe


Innate Abilities, Weirdness & Mutations

You have sharp fingernails.
You have hoof-like feet.
You are partially covered in sharp spines.


Message History

You spin and attack the adder skeleton.
You claw the adder skeleton!
You destroy the adder skeleton!
The Council accepts your kill.
The hippogriff is struck by your spines.
The hippogriff bites you! The hippogriff pecks you.
The hippogriff closely misses you.
You barely miss the hippogriff. You kick the hippogriff.
The hippogriff is heavily wounded.
The hippogriff is struck by your spines.
The hippogriff bites you. The hippogriff pecks you.
* * * LOW HITPOINT WARNING * * *
The hippogriff claws you!
* * * LOW HITPOINT WARNING * * *
You claw the hippogriff! You kick the hippogriff.
The hippogriff is severely wounded.
The hippogriff is struck by your spines.
The hippogriff bites you!
* * * LOW HITPOINT WARNING * * *
The hippogriff pecks you.
You die...

# # #. #####.###
#.####..$.....
#....H.......
....#.(@)####.##
# #(#### #.#
#.## #..# ##.#
#.# ##.##
.###...###


You could see a hippogriff.

Vanquished Creatures
  A hippogriff (D:6)
  A wyvern (D:8)
  A water moccasin (D:7)
  2 orc warriors (D:7)
  5 ogres
  A black bear (D:7)
  A centaur (D:8)
  2 bullfrogs
  3 scorpions
  A howler monkey (D:3)
  2 jellies (D:5)
  An orc priest (D:4)
  3 hounds
  A bullfrog skeleton (D:5)
  11 orc wizards
  4 worker ants
  2 killer bee zombies
  A hound skeleton (D:4)
  Robin (D:3)
  4 gnolls (D:3)
  8 adders
  3 shadow imps
  A white imp (D:7)
  An ufetubus (D:5)
  3 oozes
  2 adder skeletons
  3 worms
  2 dart slugs
  6 leopard geckos
  21 orcs
  12 bats
  3 giant cockroaches
  20 goblins
  14 hobgoblins
  11 jackals
  7 quokkas
  3 ball pythons
  7 frilled lizards
  A giant cockroach zombie (D:6)
  A jackal zombie (D:8)
  5 kobolds
  10 rats
192 creatures vanquished.

Notes
Turn   | Place    | Note
-------+----------+-------------------------------------------
     0 | D:1      | looop the Demonspawn Fighter began the quest for the Orb.
     0 | D:1      | Reached XP level 1. HP: 18/18 MP: 1/1
    68 | D:1      | Reached skill level 2 in Unarmed Combat
   165 | D:1      | Gained mutation: You have large cloven feet. [demonic
                  | ancestry]
   165 | D:1      | Reached XP level 2. HP: 24/24 MP: 2/2
   674 | D:1      | Gained mutation: You have hoof-like feet. [demonic
                  | ancestry]
   674 | D:1      | Reached XP level 3. HP: 29/29 MP: 3/3
   960 | D:2      | Reached skill level 3 in Unarmed Combat
  1198 | D:2      | Gained mutation: You have sharp fingernails. [demonic
                  | ancestry]
  1198 | D:2      | Reached XP level 4. HP: 31/36 MP: 4/4
  1642 | D:3      | Noticed Robin
  1672 | D:3      | Killed Robin
  1672 | D:3      | Reached skill level 4 in Unarmed Combat
  1680 | D:3      | Reached XP level 5. HP: 22/42 MP: 5/5
  2299 | D:3      | Found an ornate altar of the Wu Jian Council.
  2769 | D:3      | Became a worshipper of the Wu Jian Council
  2803 | D:4      | Gained mutation: You are partially covered in sharp spines.
                  | [demonic ancestry]
  2803 | D:4      | Reached XP level 6. HP: 49/49 MP: 6/6
  2870 | D:4      | Reached skill level 5 in Unarmed Combat
  3100 | D:4      | Reached skill level 5 in Fighting
  3105 | D:4      | Reached * piety under Wu Jian
  3223 | D:4      | Reached XP level 7. HP: 54/56 MP: 7/7
  3551 | D:5      | Entered Level 5 of the Dungeon
  3570 | D:5      | Reached skill level 6 in Unarmed Combat
  3942 | D:5      | Reached skill level 7 in Unarmed Combat
  4304 | D:5      | Found a staircase to the Ecumenical Temple.
  4317 | D:5      | Reached XP level 8. HP: 59/64 MP: 8/8
  4525 | D:6      | Found a hide-covered altar of Uskayaw.
  4527 | D:6      | Found a glowing silver altar of Zin.
  4527 | D:6      | Found a shimmering altar of Xom.
  4528 | D:6      | Found a burning altar of Makhleb.
  4528 | D:6      | Found an ancient bone altar of Kikubaaqudgha.
  4528 | D:6      | Found a shimmering blue altar of Sif Muna.
  4540 | D:6      | Noticed a hippogriff
  4545 | D:6      | Reached ** piety under Wu Jian
  4551 | D:6      | Killed a hippogriff
  4743 | D:6      | Reached skill level 8 in Unarmed Combat
  5200 | D:7      | Found a transporter.
  5206 | D:7      | Found a one-way gate to the infinite horrors of the Abyss.
  5206 | D:7      | Noticed a toenail golem
  5206 | D:7      | Noticed Maimakterion's ghost (novice OgBe)
  5263 | D:7      | Identified the +7 short sword of Irphaf {distort, MR+}
  5293 | D:7      | Found a transporter.
  5344 | D:7      | Identified the cursed +1 halberd of Amortisation {flame,
                  | rPois rN+ Str+3 Int-2}
  5678 | D:7      | Reached skill level 9 in Unarmed Combat
  5678 | D:7      | Reached XP level 9. HP: 67/72 MP: 9/9
  5799 | D:7      | Found a shimmering altar of Xom.
  6280 | D:8      | Slain by a hippogriff

Illustrated notes

Levels and vault maps discovered:
D:1:      lightli_arrival_noodles, layout_basic
D:2:      layout_basic, minmay_lizard_pond
D:3:      layout_loops_ring, overflow_temple_1_default, uniq_robin
D:4:      minmay_evil_eye, layout_loops_ring
D:5:      layout_loops_ring, minmay_temple_entry_antechambers
D:6:      layout_rooms, grunt_temple_overflow_open
D:7:      layout_basic, gammafunk_ghost_abyssal_escape,
          brannock_xom_greatest_gift
D:8:      layout_loops_ring

Skill      XL: |  1  2  3  4  5  6  7  8 |
---------------+-------------------------+-----
Unarmed Combat | 2 3 4 5 7 9 |  9.5
Fighting       | 4 5 6 7 |  7.8
Armour         | |  2.8
Dodging        | |  0.4
Shields        | |  2.8

Action                   |  1- 3 |  4- 6 |  7- 9 || total
-------------------------+-------+-------+-------++-------
Melee: Unarmed           |   153 |   193 |   182 ||   528
       Kick              |    24 |    54 |    57 ||   135
Throw: Dart              |       |       |     9 ||     9
       Boomerang         |       |       |     4 ||     4
Invok: Lunge             |       |    10 |    36 ||    46
       Whirlwind         |       |       |    14 ||    14
  Use: Scroll            |       |     3 |     5 ||     8
       Potion            |       |       |     1 ||     1
Armor: Scale mail        |    34 |       |    22 ||    56
       Chain mail        |    49 |    85 |    14 ||   148
Dodge: Dodged            |    31 |    20 |    26 ||    77
Block: Kite shield       |    83 |    59 |    54 ||   196

Table legend: (Time is in decaauts)
 A = Elapsed time spent in this place.
 B = Non-inter-level travel time spent in this place.
 C = Inter-level travel time spent in this place.
 D = Time resting spent in this place.
 E = Time spent auto-exploring this place.
 F = Levels seen in this place.
 G = Mean time per level.
                   A        B        C        D        E       F      G
               +--------+--------+--------+--------+--------+-----+--------+
         Total |   6280 |   5906 |    374 |    291 |   4480 |   8 |  785.0 |
       Dungeon |   6280 |   5906 |    374 |    291 |   4480 |   8 |  785.0 |
               +--------+--------+--------+--------+--------+-----+--------+

Top non-repeatable levels by time:
     D:7: 1196 daAuts
     D:3: 1148 daAuts
     D:5: 899 daAuts
     D:1: 889 daAuts
     D:4: 775 daAuts
     D:2: 744 daAuts
     D:6: 438 daAuts
     D:8: 187 daAuts
